 Dungeon Crawl Stone Soup version 0.28.0-45-g0d030f2227 (webtiles) character file.

Game seed: 17856812292883296544

256 jimonade the Magician (level 6, 0/42 HPs)
             Began as a Djinni Ice Elementalist on Apr 9, 2022.
             Slain by Grinder (1 damage)
             ... on level 4 of the Dungeon.
             The game lasted 00:12:15 (5186 turns).

jimonade the Magician (Djinni Ice Elementalist)     Turns: 5186, Time: 00:12:15

Health: 0/42       AC:  8    Str:  9    XL:     6   Next: 39%
Gold:   82         EV: 12    Int: 17    God:
                   SH:  0    Dex: 13

rFire   + + .      SeeInvis .   p - +4 short sword
rCold   x . .      Faith    .   (no shield)
rNeg    . . .      Spirit   .   a - +0 robe
rPois   ∞          Reflect  .   (no helmet)
rElec   .          Harm     .   (no cloak)
rCorr   .          Rampage  .   (no gloves)
Will    .....                   (boots unavailable)
Stlth   ++........              (no amulet)
HPRegen 0.14/turn               (no ring)
MPRegen 0.00/turn               (no ring)

@: ice-armoured, flying
A: sickness immunity, fire resistance 2, cold vulnerability 1, float, innate
caster, HP casting, extra vitality 1
a: no special abilities


You were on level 4 of the Dungeon.
You visited 1 branch of the dungeon, and saw 4 of its levels.

You collected 82 gold pieces.

Inventory:

Hand Weapons
 m - a +0 spear
 p - a +4 short sword (weapon)
 q - a +0 dagger of venom
Missiles
 d - 34 bolts
 f - 67 arrows
 j - 38 sling bullets
 o - a throwing net
 r - 5 poisoned darts
 s - 25 stones
Armour
 a - a +0 robe (worn)
 h - a +0 leather armour
 i - a +0 ring mail
Jewellery
 k - a +4 ring of evasion
Scrolls
 b - a scroll of acquirement {unknown}
 c - a scroll of blinking {unknown}
 e - a scroll of amnesia {unknown}
 g - 3 scrolls of identify {unknown}
Potions
 l - a potion of attraction {unknown}
 n - a potion of mutation {unknown}


   Skills:
 * Level 1.5 Fighting
 + Level 0.3 Short Blades
 + Level 2.6 Dodging
 - Level 1.5 Stealth
 * Level 5.3 Spellcasting


You had one spell level left.
You knew the following spells:

 Your Spells              Type           Power      Damage    Failure   Level
a - Freeze                Ice            88%        1d10      1%          1
b - Frozen Ramparts       Ice            44%        1d6       4%          3
c - Ozocubu's Armour      Ice            22%        N/A       4%          3
d - Hailstorm             Conj/Ice       22%        3d7       16%         4
e - Beastly Appendage     Tmut           44%        N/A       1%          1
f - Static Discharge      Conj/Air       22%        N/A       2%          2
Your spell library was empty.

Dungeon Overview and Level Annotations

Branches:
Dungeon (4/15)
 Temple: D:4-7

Altars:
Dithmenos

Annotations:
D:4 Grinder


Innate Abilities, Weirdness & Mutations

You are immune to sickness and miasma.
You are immune to poison.
Your flesh is very heat resistant. (rF++)
You are vulnerable to cold. (rC-)
You float through the air rather than walking.
You learn spells naturally, not from books.
Your magical power is your life essence.
You have superior vitality. (+4 MHP)


Message History

You hit Grinder.
Grinder is lightly wounded.
Grinder completely resists.
The wall freezes Grinder but does no damage.
Grinder barely misses you.
Grinder completely resists.
The wall freezes Grinder but does no damage.
Grinder hits you.
You writhe in agony.
* * * LOW HITPOINT WARNING * * *
You hit Grinder but do no damage.
Grinder is lightly wounded.
Grinder completely resists.
The wall freezes Grinder but does no damage.
Grinder gestures at you. Pain shoots through your body!
* * * LOW HITPOINT WARNING * * *
You closely miss Grinder.
Grinder is lightly wounded.
Grinder completely resists.
The wall freezes Grinder but does no damage.
Grinder barely misses you.
You hit Grinder. Your punch misses Grinder.
Grinder is moderately wounded.
Grinder completely resists.
The wall freezes Grinder but does no damage.
Grinder gestures at you.
You struggle to resist.
You barely miss Grinder.
Grinder is moderately wounded.
The frozen ramparts melt away.
Grinder closely misses you.
Casting: Frozen Ramparts (dangerous; 4% risk of failure)
Confirm with . or Enter, or press ? or * to list all spells.
Aiming: Freeze (safe; 1% risk of failure)
Press: ? - help, Shift-Dir - straight line, f - Grinder
Aim: Grinder (moderately wounded)
You freeze Grinder but do no damage.
Grinder completely resists.
* * * LOW HITPOINT WARNING * * *
Grinder hits you.
* * * LOW HITPOINT WARNING * * *
You writhe in agony.
You die...

#.# #.. #.# #
#.# .... #.#
...# #.# .....
#5#......
##@#......
#.........
#####.......#.
#.......###.#
#.#....#...$#
#.#....).....
#.#..........
#.#..........
#.###....##.#


You could see Grinder.

Vanquished Creatures
  A scorpion (D:4)
  2 orc wizards (D:3)
  4 gnolls (D:3)
  3 adders
  An ufetubus (D:4)
  A dart slug (D:1)
  12 orcs (D:3)
  6 ball pythons
  6 bats
  2 endoplasms
  2 giant cockroaches (D:1)
  4 hobgoblins
  4 jackals (D:1)
  4 kobolds
  2 quokkas
  2 frilled lizards
  A goblin (D:1)
  4 rats
  A spectral kobold (D:1)
62 creatures vanquished.

Notes
Turn   | Place    | Note
-------+----------+-------------------------------------------
     0 | D:1      | jimonade the Djinni Ice Elementalist began the quest for
                  | the Orb.
     0 | D:1      | Reached XP level 1. HP: 15/15 MP: 0/0
   504 | D:1      | Reached XP level 2. HP: 14/21 MP: 0/0
  1048 | D:1      | Found a faded altar of an unknown god.
  1112 | D:1      | Reached XP level 3. HP: 24/25 MP: 0/0
  1112 | D:1      | Learned a level 1 spell: Beastly Appendage
  2027 | D:2      | Reached skill level 4 in Spellcasting
  2525 | D:3      | Reached XP level 4. HP: 30/31 MP: 0/0
  3045 | D:3      | Reached skill level 1 in Fighting
  3074 | D:3      | Reached XP level 5. HP: 19/37 MP: 0/0
  3074 | D:3      | Learned a level 2 spell: Static Discharge
  4211 | D:3      | Reached skill level 5 in Spellcasting
  4544 | D:3      | Found a shadowy altar of Dithmenos.
  4552 | D:3      | Reached XP level 6. HP: 39/42 MP: 0/0
  5010 | D:4      | Identified the +2 quarterstaff of Kitogis {vorpal, Dex+6}
  5167 | D:4      | Noticed Grinder
  5186 | D:4      | HP: 1/42 [Grinder (3)]
  5186 | D:4      | Slain by Grinder

Illustrated notes

Levels and vault maps discovered:
D:1:      minmay_arrival_open_corners, layout_basic,
          dreamdust_ecumenical_altar_drowned_temple
D:2:      layout_basic
D:3:      layout_loops_ring, grunt_dithmenos_smoke
D:4:      layout_basic, mainiacjoe_overflow_alcove_1, uniq_duvessa, uniq_edmund,
          uniq_eustachio, uniq_grinder

Skill      XL: |  1  2  3  4  5 |
---------------+----------------+-----
Spellcasting   | 4 5 |  5.3
Fighting       | 1 |  1.5
Short Blades   | |  0.3
Dodging        | |  2.6
Stealth        | |  1.5

Action                   |  1- 3 |  4- 6 || total
-------------------------+-------+-------++-------
Melee: Unarmed           |     8 |       ||     8
       Dagger            |     5 |    27 ||    32
       Short sword       |       |    16 ||    16
 Cast: Freeze            |    49 |    15 ||    64
       Beastly Appendage |     1 |       ||     1
       Frozen Ramparts   |       |    12 ||    12
       Ozocubu's Armour  |       |     4 ||     4
 Stab: Sleeping          |       |     1 ||     1
Armor: Robe              |    10 |     9 ||    19
Dodge: Dodged            |    43 |    54 ||    97
